 Dungeon Crawl Stone Soup version 0.31.0-11-ge490571c62 (webtiles) character file.

Game seed: 17391111696559826101

67 Daunt the Trooper (level 3, -1/31 HPs)
             Began as a Demigod Shapeshifter on Jan 30, 2024.
             Slain by a hobgoblin (5 damage)
             ... led by Robin
             ... on level 2 of the Dungeon.
             The game lasted 00:02:09 (1208 turns).

Daunt the Trooper (Demigod Shapeshifter)            Turns: 1208, Time: 00:02:09

Health: -1/31      AC:  6    Str: 15    XL:     3   Next: 72%
Magic:  5/5        EV:  9    Int: 12    God:
Gold:   93         SH:  0    Dex: 17    Spells: 2/2 levels left

rFire   . .          .
                       - Unarmed
rCold   . . .        (no shield)
rNeg    . . .        l - +0 scale mail
rPois   .            (helmet currently unavailable)
rElec   .            (cloak currently unavailable)
rCorr   .            (gloves currently unavailable)
SInv    .            (boots currently unavailable)
Will    .....        (no amulet) Stlth
                     (no ring)
HPRegen 0.25/turn    (no ring)
MPRegen 0.09/turn

%: no passive effects
@: beast-form
A: beast (slay +1), high MP 1, forlorn, divine attributes
a: Begin Untransformation


You were on level 2 of the Dungeon.
You were a hulking beast.
You visited 1 branch of the dungeon, and saw 2 of its levels.

You collected 93 gold pieces.

Inventory:

Missiles
 f - 16 stones (quivered)
Armour
 a - a +0 animal skin
 j - a +0 leather armour
 l - a +0 scale mail (worn)
Jewellery
 h - a ring of fire
Talismans
 c - a beast talisman
 d - a flux talisman
Scrolls
 e - a scroll of identify {unknown}
 g - a scroll of butterflies {unknown}
 o - a scroll of immolation {unknown}
 p - a scroll of enchant weapon {unknown}
Potions
 b - a potion of lignification
 i - a potion of degeneration {unknown}
 k - 2 potions of mutation {unknown}
 m - a potion of attraction {unknown}
 n - 2 potions of curing {unknown}


   Skills:
 + Level 3.5 Fighting
 - Level 1.7 Dodging
 - Level 2.6 Unarmed Combat
 - Level 2.6 Shapeshifting


You had 2 spell levels left.
You didn't know any spells.
Your spell library contained the following spells:

 Spells                   Type           Power      Damage    Failure   Level
 Freeze                   Ice            0%         1d3       80%         1
 Magic Dart               Conj           0%         1d3       80%         1
 Searing Ray              Conj           0%         2d4       91%         2
 Frozen Ramparts          Ice            0%         1d1       99%         3
 Hailstorm                Conj/Ice       0%         3d5       99%         3
 Fulminant Prism          Conj/Alch      0%         3d5       100%        4
 Sculpt Simulacrum        Ice/Alch       0%         N/A       100%        6
 Ozocubu's Refrigeration  Ice            0%         4d7       100%        7
 Polar Vortex             Ice            0%         N/A       100%        9


Dungeon Overview and Level Annotations

Branches:
Dungeon (2/15)


Innate Abilities, Weirdness & Mutations

You are a hulking beast.
Your limbs bulge with bestial killing power. (Slay +1)
You have an increased reservoir of magic. (+10% MP)
You shall have no god before yourself.
Your divine heritage dramatically boosts your attributes as you level up.


Message History

Robin roars a battlecry!
The hobgoblin goes into a battle-frenzy!
The hobgoblin hits you but does no damage.
You hit Robin but do no damage.
Robin is moderately wounded.
Robin hits you but does no damage. The hobgoblin barely misses you.
You hit the hobgoblin.
The hobgoblin is severely wounded.
Robin completely misses you.
A goblin comes into view. It is wielding a +0 dagger.
You hit Robin.
Robin is heavily wounded.
Robin hits you with a +0 short sword.
You hit Robin.
Robin is severely wounded.
The goblin unwields a +0 dagger.
The goblin wields a +0 sling.
The goblin shoots a sling bullet.
The sling bullet barely misses you. The hobgoblin barely misses you.
Robin hits you with a +0 short sword.
You hit Robin but do no damage.
Robin is severely wounded.
The hobgoblin hits you but does no damage.
The goblin shoots a sling bullet.
The sling bullet closely misses you. Robin closely misses you.
You hit Robin.
Robin is almost dead.
The hobgoblin hits you but does no damage.
Robin hits you but does no damage.
You hit Robin but do no damage.
Robin is almost dead.
The hobgoblin barely misses you.
The goblin unwields a +0 sling.
The goblin wields a +0 dagger.
The goblin hits you but does no damage. Robin hits you with a +0 short sword.
* * * LOW HITPOINT WARNING * * *
You punch Robin!
You kill Robin!
The hobgoblin barely misses you. The goblin hits you but does no damage.
You hit the hobgoblin but do no damage. The hobgoblin hits you.
* * * LOW HITPOINT WARNING * * *
The hobgoblin hits you.
You die...

#####.#### #.g#.# .# #.....#
#..#.# .# ###.### #gg#.# .# #.#
#..#g# .# # #.# #..#.#
.#..#.###.# ##..#.# .#........#
....)g###########.##.......####
.....g.........ghg............#
.....############g#...........#
..>........... .#...........#
.......####### #####.......)###
....!#...#... .............
##+#####.#.# ####..........
...........# #######....
.....###...## #.... ...
#....#################....


You could see 2 hobgoblins and a goblin.

Vanquished Creatures
  Robin (D:2)
  A gnoll (D:1)
  A dart slug (D:2)
  2 endoplasms
  3 giant cockroaches (D:1)
  9 goblins
  5 hobgoblins
  4 jackals (D:1)
  3 kobolds
  2 quokkas (D:1)
  2 ball pythons
  3 bats (D:1)
  2 frilled lizards (D:2)
  3 rats (D:1)
41 creatures vanquished.

Notes
Turn   | Place    | Note
-------+----------+-------------------------------------------
     0 | D:1      | Daunt the Demigod Shapeshifter began the quest for the Orb.
     0 | D:1      | Reached XP level 1. HP: 15/15 MP: 3/3
    53 | D:1      | Reached skill level 1 in Fighting
   190 | D:1      | Reached skill level 2 in Fighting
   192 | D:1      | Reached XP level 2. HP: 16/24 MP: 4/4
   509 | D:1      | Reached XP level 3. HP: 30/30 MP: 5/5
   826 | D:2      | Reached skill level 3 in Fighting
  1152 | D:2      | Noticed Robin
  1207 | D:2      | Killed Robin
  1208 | D:2      | Slain by a hobgoblin

Illustrated notes

Levels and vault maps discovered:
D:1:      amcnicky_arrival_gap_in_the_tavern_cellar, layout_basic,
          serial_bayou_lake_a
D:2:      layout_basic, uniq_robin

Skill      XL: |  1  2  3 |
---------------+----------+-----
Fighting       | 2 3 |  3.5
Dodging        | |  1.7
Unarmed Combat | |  2.6
Shapeshifting  | |  2.6

Action                     || total
---------------------------++-------
  Melee: Unarmed           ||   128
 Armour: Animal skin       ||    15
         Scale mail        ||    72
  Dodge: Dodged            ||    64
